 Dungeon Crawl Stone Soup version 0.18.1-50-g88ac8fd (webtiles) character file.

67 magog001 the Bolt Thrower (level 4, 0/45 HPs)
             Began as an Ogre Hunter on Jan 10, 2017.
             Slain by a goblin (3 damage)
             ... led by Robin
             ... on level 3 of the Dungeon.
             The game lasted 00:13:32 (1833 turns).

magog001 the Bolt Thrower (Ogre Hunter)             Turns: 1833, Time: 00:13:33

Health: 0/45       AC:  3    Str: 18    XL:     4   Next: 16%
Magic:  4/4        EV: 10    Int: 10    God:
Gold:   87         SH:  0    Dex: 10    Spells: 0 memorised, 3 levels left

rFire  . . .     SeeInvis .     n - +0 morningstar
rCold  . . .     Gourm    .     c - +0 robe
rNeg   . . .     Faith    .     (no shield)
rPois  .         Spirit   .     (helmet restricted)
rElec  .         Dismiss  .     (no cloak)
rCorr  .         Reflect  .     (gloves unavailable)
SustAt .         Harm     .     (boots unavailable)
MR     .....                    (no amulet)
Stlth  +.........               (no ring)
                                (no ring)

@: not resistant to hostile enchantments, very unstealthy
A: unfitting armour, tough skin 1
a: no special abilities


You were on level 3 of the Dungeon.
You were not hungry.

You visited 1 branch of the dungeon, and saw 3 of its levels.

You collected 87 gold pieces.

Inventory:

Hand Weapons
 a - a +1 hand crossbow
 b - a +0 short sword
 n - a +0 morningstar (weapon)
 p - a +0 flail
Missiles
 r - 3 poisoned needles
 u - 4 sling bullets
Armour
 c - a +0 robe (worn)
Jewellery
 s - a +2 amulet of reflection {unknown}
Scrolls
 e - 2 scrolls of identify {unknown}
 h - a scroll of remove curse {unknown}
 i - a scroll of amnesia {unknown}
 j - a scroll of fear {unknown}
 l - 2 scrolls of enchant armour {unknown}
 t - a scroll of fog {unknown}
Potions
 k - a potion of flight {unknown}
 m - a potion of haste {unknown}
Comestibles
 f - 2 bread rations
 g - a beef jerky
 q - 2 chunks of flesh


   Skills:
 * Level 3.0 Fighting
 * Level 4.0 Crossbows
 * Level 2.0 Dodging
 * Level 0.8 Stealth


You had 3 spell levels left.
You didn't know any spells.

Dungeon Overview and Level Annotations

Branches:
Dungeon (3/15)

Altars:
Elyvilon
Okawaru
Ru

Annotations:
D:3 Robin


Innate Abilities, Weirdness & Mutations

You are too large for most types of armour.
You have tough skin (AC +1).


Message History

a club; a goblin corpse The goblin hits you.
* * * LOW HITPOINT WARNING * * *
The goblin barely misses you.
Robin roars a battlecry!
The goblin no longer looks unusually strong.
The goblin no longer looks unusually strong.
Robin throws the goblin at you!
You closely miss the goblin.
The goblin no longer looks unusually strong.
The goblin hits you but does no damage. x2; Robin throws the goblin at you!
* * * LOW HITPOINT WARNING * * *
The goblin hits you.
* * * LOW HITPOINT WARNING * * *
You closely miss the goblin. The goblin hits you but does no damage.
The goblin hits you with a club.
* * * LOW HITPOINT WARNING * * *
The goblin barely misses you.
The goblin hits you but does no damage. x2
The goblin hits you.
You die... ggg

######(# #########.g.g#(#
##.........#g.)b#
###........g.######
#..........g#########
#...................#
#............g......#
#######...#..g@.....#
#...#..g.g....#
#...#.###+#####.# #...#.#
#.# #.# ##.....###.# #.#
####..........#####.#
............#.<.#...####
####.##.........#...#.#..#.#
... .#...................#..


You could see Robin and 5 goblins.

Vanquished Creatures
  2 adders (D:2)
  A worm (D:3)
  2 dart slugs (D:1)
  2 giant geckos
  5 giant cockroaches
  10 goblins
  A hobgoblin (D:2)
  A quokka (D:3)
  6 bats
  4 giant newts (D:2)
  4 kobolds
  2 rats
40 creatures vanquished.

Notes
Turn   | Place    | Note
--------------------------------------------------------------
     0 | D:1      | magog001 the Ogre Hunter began the quest for the Orb.
     0 | D:1      | Reached XP level 1. HP: 22/22 MP: 1/1
    56 | D:1      | Reached skill level 3 in Crossbows
    73 | D:1      | Reached XP level 2. HP: 29/29 MP: 2/2
   521 | D:2      | Reached XP level 3. HP: 36/36 MP: 3/3
   650 | D:2      | Found a sacrificial altar of Ru.
   999 | D:2      | Found a sacrificial altar of Ru.
  1551 | D:2      | Found a white marble altar of Elyvilon.
  1551 | D:2      | Found an iron altar of Okawaru.
  1714 | D:3      | Reached XP level 4. HP: 45/45 MP: 4/4
  1792 | D:3      | Noticed Robin
  1808 | D:3      | Reached skill level 4 in Crossbows
  1833 | D:3      | Slain by a goblin

Skill      XL: |  1  2  3  4 |
---------------+-------------+-----
Crossbows      | 3 4 |  4.0
Dodging        | 2 |  2.0
Fighting       | 3 |  3.0
Stealth        | |  0.8

Action                   |  1- 3 |  4- 6 || total
-------------------------+-------+-------++-------
Melee: Morningstar       |       |    21 ||    21
 Fire: Hand crossbow     |    93 |     8 ||   101
  Use: Potion            |       |     2 ||     2
  Eat: Beef jerky        |     1 |       ||     1
       Chunk             |     1 |       ||     1
Armor: Robe              |    13 |    16 ||    29
Dodge: Dodged            |    21 |    31 ||    52
